Map: Vigía EE

Players

MrFercho - Winner!

  • Race: Zerg Zerg
  • League: Gold
  • Spawn Location: 12:00

tigro - Winner!

  • Race: Terran Terran
  • League: Bronze
  • Spawn Location: 9:00

TATORREA - Winner!

  • Race: Protoss Protoss
  • League: Gold
  • Spawn Location: 9:00

Xytheron

  • Race: Protoss Protoss
  • League: Gold
  • Spawn Location: 6:00

abenbot

  • Race: Zerg Zerg
  • Spawn Location: 5:00

AUrelius

  • Race: Terran Terran
  • League: Silver
  • Spawn Location: 5:00

VOD

Have the link to the VOD?

Description

Time

  • Played on: Aug. 20, 2020, 9:56 p.m.
  • Length: 15:51
Show
View Real Time Build Order
Export as new Build Order

MrFercho Zerg - Winner!

Build Orders: Hatch First 

Get SALT Encoding   

  12  0:00  Drone  
  13  0:16  Overlord  
  13  0:19  Drone  
  14  0:34  Drone x2  
  16  0:53  Hatchery  
  16  0:55  Drone  
  16  0:59  Drone  
  17  1:05  Drone  
  18  1:13  Extractor  
  17  1:21  Spawning Pool  
  17  1:22  Drone  
  17  1:25  Drone  
  18  1:32  Drone  
  19  1:49  Drone  
  19  1:53  Overlord  
  20  2:08  Queen x2  
  20  2:11  Zergling x4  
  26  2:15  Drone  
  26  2:16  Drone  
  28  2:23  Metabolic Boost  
  28  2:25  Drone  
  29  2:32  Drone  
  30  2:38  Drone x2  
  32  2:47  Queen  
  34  2:56  Drone  
  34  2:57  Drone  
  36  3:15  Overlord x2  
  36  3:16  Overlord  
  36  3:19  Lair  
  35  3:46  Drone  
  35  3:47  Drone x4  
  35  3:48  Drone x3  
  42  3:51  Extractor  
  42  3:55  Extractor  
  41  4:08  Roach Warren  
  40  4:12  Zergling x2  
  40  4:13  Zergling x2  
  40  4:16  Drone x3  
  45  4:17  Overlord  
  45  4:18  Drone x3  
  48  4:43  Baneling Nest  
  47  4:45  Zergling x2  
  47  4:46  Zergling x10  
  47  4:49  Glial Reconstitution  
  47  4:51  Zergling x6  
  56  4:58  Hatchery  
  56  4:59  Zergling x8  
  59  5:08  Burrow  
  59  5:12  Zergling x4  
  61  5:17  Hatchery  
  61  5:18  Drone x2  
  61  5:20  Zergling x2  
  61  5:21  Zergling x2  
  64  5:38  Baneling  
  64  5:39  Baneling x15  
  64  5:40  Zergling x8  
  68  5:47  Centrifical Hooks  
  68  5:52  Evolution Chamber  
  56  6:21  Zergling x2  
  56  6:22  Zergling x20  
  56  6:24  Baneling x5  
  56  6:25  Baneling x3  
  59  6:35  Drone x3  
  59  6:36  Drone x3  
  64  6:49  Zergling x14  
  71  6:55  Drone x2  
  71  6:57  Overlord  
  58  7:26  Roach x8  
  58  7:27  Roach x5  
  83  7:52  Drone  
  83  7:53  Drone x3  
  83  8:05  Roach  
  83  8:06  Roach x2  
  87  8:12  Extractor  
  87  8:15  Hydralisk Den  
  87  8:16  Drone  
  87  8:17  Drone x4  
  87  8:19  Extractor  
  83  8:20  Overlord x4  
  83  8:21  Overlord  
  83  8:22  Extractor  
  62  8:53  Drone x3  
  62  8:54  Drone x3  
  68  8:57  Spore Crawler  
  67  9:06  Zerg Missile Weapons Level 1  
  67  9:12  Evolution Chamber  
  64  9:21  Grooved Spines  
  60  9:27  Spire  
  60  9:29  Spore Crawler  
  58  9:35  Hydralisk x14, Infestation Pit  
  58  9:37  Overlord  
  58  9:38  Overseer  
  85  9:44  Overseer  
  85  9:45  Overseer  
  85  10:01  Drone x3, Spine Crawler  
  85  10:02  Drone  
  85  10:03  Spine Crawler  
  87  10:10  Hydralisk  
  87  10:11  Hydralisk x8  
  105  10:27  Pneumatized Carapace  
  105  10:32  Muscular Augments  
  105  10:33  Hatchery  
  100  10:53  Zergling x18  
  100  10:54  Zergling x22  
  114  11:20  Zergling x6  
  114  11:21  Zergling x22  
  128  11:26  Hive  
  128  11:34  Overlord x5  
  128  11:43  Lurker Den  
  127  11:49  Baneling x13  
  127  11:50  Baneling  
  127  11:51  Zergling x2  
  128  12:12  Hatchery  
  103  12:33  Spore Crawler  
  103  12:36  Spore Crawler  
  100  12:37  Spore Crawler  
  97  12:45  Corruptor x8  
  97  12:46  Corruptor  
  108  12:55  Drone x3  
  98  13:09  Overlord x2  
  98  13:10  Overlord  
  84  13:23  Drone x2  
  86  13:42  Drone x4  
  68  14:32  Corruptor  
  68  14:33  Corruptor  
  70  15:06  Drone x5  
Show
View Real Time Build Order
Export as new Build Order

tigro Terran - Winner!

Build Orders:  

Get SALT Encoding   

  12  0:16  SCV  
  13  0:26  Supply Depot  
  13  0:28  SCV  
  14  0:40  SCV  
  15  0:48  Supply Depot  
  15  0:54  Barracks  
  15  0:58  SCV  
  16  1:04  Refinery  
  16  1:10  SCV  
  17  1:22  SCV  
  18  1:30  Refinery  
  18  1:34  SCV  
  19  1:42  Marine  
  19  1:46  SCV  
  21  1:58  SCV  
  21  2:00  Marine  
  23  2:11  SCV  
  24  2:18  Marine  
  24  2:19  Factory  
  25  2:23  SCV  
  25  2:24  Engineering Bay  
  26  2:35  Orbital Command  
  26  2:36  Marine  
  27  2:53  Marine, Terran Infantry Weapons Level 1  
  28  3:03  Factory Tech Lab  
  28  3:13  Barracks Tech Lab  
  28  3:24  Missile Turret  
  28  3:29  Siege Tank  
  31  3:48  Combat Shield, Missile Turret  
  31  4:08  Marine  
  31  4:09  Siege Tank  
  35  4:10  Missile Turret  
  35  4:26  Marine  
  36  4:44  Marine  
  37  4:45  Missile Turret  
  37  4:48  Terran Infantry Armor Level 1  
  37  4:52  Command Center  
  37  5:02  Marine  
  38  5:07  Stimpack  
  38  5:10  Refinery  
  38  5:11  Siege Tank  
  41  5:22  Starport  
  41  5:32  Marine  
  42  5:50  Marine  
  43  6:05  Medivac  
  43  6:06  Refinery  
  43  6:07  Supply Depot  
  43  6:08  Marine  
  46  6:26  Marine  
  46  6:29  Supply Depot  
  47  6:35  SCV  
  48  6:42  Hi-Sec Auto Tracking, Starport Tech Lab  
  48  6:44  Marine  
  48  6:45  Missile Turret  
  49  6:48  SCV  
  50  6:58  Armory  
  50  7:00  SCV  
  51  7:06  Missile Turret  
  51  7:12  SCV  
  52  7:24  SCV  
  52  7:29  Marine  
  53  7:31  Missile Turret  
  53  7:36  SCV  
  55  7:39  Neosteel Armor  
  55  7:47  Marine, Fusion Core  
  55  7:48  SCV  
  57  8:00  SCV  
  58  8:10  Marine  
  62  8:12  Cyclone  
  53  8:28  Marine  
  47  8:40  Medivac  
  49  8:45  Cyclone  
  49  8:46  Marine  
  53  8:54  Terran Vehicle Weapons Level 1  
  53  8:57  Barracks, Weapon Refit  
  53  9:04  Marine  
  54  9:10  Medivac  
  54  9:17  Cyclone  
  53  9:21  Marine  
  54  9:39  Marine  
  44  9:56  Barracks Reactor  
  44  9:57  Marine  
  41  10:15  Marine  
  42  10:23  Missile Turret  
  42  10:33  Marine  
  43  10:37  Rapid Reignition System  
  43  10:45  Missile Turret  
  43  10:48  Terran Vehicle And Ship Armor Level 1  
  43  10:51  Marine  
  44  11:23  Missile Turret  
  44  11:30  Thor  
  50  11:43  Missile Turret  
  50  11:44  Battlecruiser  
  56  11:57  SCV  
  56  12:00  Missile Turret  
  57  12:04  Missile Turret  
  57  12:09  SCV  
  57  12:13  Thor  
  64  12:21  SCV  
  65  12:27  Missile Turret  
  65  12:34  SCV  
  66  12:43  Terran Ship Weapons Level 1  
  66  12:46  SCV  
  66  12:48  Battlecruiser  
  66  12:49  Missile Turret  
  73  12:53  Command Center  
  73  12:56  Thor  
  79  13:12  Missile Turret  
  79  13:19  Marine x3  
  72  13:37  Marine x3  
  70  13:54  Marine  
  71  14:04  Marine x2  
  73  14:12  Marine  
  74  14:22  Marine x2  
  76  14:30  Marine  
  77  14:40  Marine x2  
  79  14:48  Marine  
  80  14:58  Marine x2  
  79  15:16  Marine  
Show
View Real Time Build Order
Export as new Build Order

TATORREA Protoss - Winner!

Build Orders: Carriers 

Get SALT Encoding   

  12  0:02  Probe  
  13  0:14  Probe  
  14  0:22  Pylon  
  14  0:26  Probe  
  15  0:40  Probe  
  16  0:47  Gateway  
  16  0:52  Probe  
  17  1:04  Probe  
  17  1:08  Assimilator  
  18  1:13  Gateway  
  18  1:18  Probe  
  19  1:25  Pylon  
  19  1:26  Pylon  
  19  1:30  Probe  
  19  1:37  Assimilator  
  19  1:42  Probe  
  20  1:50  Cybernetics Core  
  21  1:54  Probe  
  21  2:03  Gateway  
  21  2:06  Probe  
  22  2:18  Probe  
  23  2:29  Twilight Council  
  23  2:38  Nexus  
  23  2:43  Pylon  
  23  2:52  Stalker  
  23  2:57  Adept  
  27  3:02  Adept  
  27  3:03  Resonating Glaives (Chrono Boost)  
  29  3:18  Warp Gate  
  29  3:22  Adept  
  31  3:27  Adept  
  31  3:34  Stalker  
  35  3:49  Probe (Chrono Boost), Stargate  
  37  3:58  Probe (Chrono Boost)  
  37  3:59  Probe (Chrono Boost)  
  38  4:04  Probe x2 (Chrono Boost)  
  40  4:15  Probe  
  40  4:16  Probe  
  42  4:18  Adept x2 (Chrono Boost)  
  46  4:28  Probe x2  
  50  4:31  Adept (Chrono Boost)  
  50  4:40  Probe x2  
  52  4:54  Probe x2  
  52  4:59  Assimilator  
  54  5:01  Assimilator  
  54  5:03  Pylon  
  54  5:06  Probe x2  
  56  5:18  Probe x2  
  58  5:30  Probe x2  
  60  5:42  Probe x2  
  52  6:28  Probe x2  
  52  6:40  Probe  
  52  6:41  Probe  
  52  6:46  Void Ray  
  54  6:52  Probe  
  54  6:53  Probe  
  60  6:55  Stalker x2  
  60  6:56  Stalker, Blink (Chrono Boost)  
  60  6:58  Nexus  
  60  6:59  Pylon  
  66  7:03  Pylon  
  66  7:05  Probe x2  
  68  7:09  Nexus  
  68  7:11  Pylon  
  68  7:13  Pylon  
  68  7:19  Probe x2  
  68  7:20  Gateway  
  68  7:22  Gateway  
  70  7:23  Void Ray  
  70  7:27  Gateway, Stargate  
  70  7:29  Stargate  
  74  7:31  Probe x2  
  74  7:32  Pylon  
  76  7:38  Gateway  
  76  7:40  Stalker x2  
  76  7:41  Gateway  
  76  7:43  Stalker, Probe x2  
  84  7:55  Probe x2  
  86  8:00  Void Ray  
  86  8:07  Probe x2  
  92  8:15  Templar Archives  
  92  8:19  Pylon  
  92  8:20  Probe x3  
  92  8:21  Void Ray  
  92  8:23  Probe  
  92  8:25  Pylon  
  96  8:28  Pylon  
  96  8:32  Probe x3  
  103  8:35  Probe  
  103  8:38  Void Ray  
  104  8:43  Fleet Beacon  
  108  9:01  Probe x4  
  112  9:08  Gateway  
  112  9:09  Assimilator  
  112  9:12  Gateway, Assimilator  
  112  9:13  Gateway x2, Probe x4  
  112  9:17  Stalker x3, Assimilator  
  118  9:18  Stalker  
  118  9:19  Assimilator  
  118  9:20  Stalker  
  118  9:23  Stalker  
  128  9:25  Stalker  
  128  9:28  Stalker  
  132  9:32  Probe x2  
  134  9:43  Stalker x3  
  134  9:44  Stalker x2  
  144  9:51  Unknown  
  144  9:55  Carrier  
  144  9:56  Carrier  
  156  10:17  Stalker x4  
  164  10:23  Protoss Air Weapons Level 1 (Chrono Boost)  
  164  10:33  Forge  
  164  10:35  Forge  
  164  10:37  Stargate  
  164  10:42  Stargate  
  159  11:00  Nexus  
  159  11:03  Pylon  
  159  11:06  Pylon  
  159  11:15  Pylon  
  159  11:18  Pylon  
  159  11:24  Probe x4  
  163  11:33  Carrier  
  163  11:36  Carrier, Probe  
  176  11:40  Protoss Ground Weapons Level 1 (Chrono Boost)  
  176  11:41  Protoss Shields Level 1 (Chrono Boost)  
  176  11:42  Pylon  
  176  11:47  Pylon  
  176  11:53  Pylon  
  176  11:58  Pylon  
  176  12:00  Carrier x2  
  188  12:06  Pylon, Carrier  
  194  12:14  Pylon  
  182  12:50  Stalker x4  
  182  12:51  Stalker x6  
  178  12:52  Stalker x2  
  178  12:57  Carrier x2  
  192  13:04  Carrier x2  
  198  13:11  Protoss Air Weapons Level 2 (Chrono Boost)  
  196  13:18  Stalker  
  196  13:19  Stalker x4  
  198  13:20  Stalker  
  178  14:25  Stalker x5  
  178  14:26  Stalker x3  
  178  14:27  Stalker x2  
  178  14:28  Stalker  
  194  15:34  Stalker x2  
  194  15:35  Stalker  
Show
View Real Time Build Order
Export as new Build Order

Xytheron Protoss 

Build Orders:  

Get SALT Encoding   

  12  0:39  Probe  
  13  0:51  Pylon, Probe  
  13  0:54  Pylon  
  13  0:55  Assimilator  
  14  1:04  Probe  
  15  1:19  Probe  
  15  1:24  Nexus  
  16  1:31  Probe  
  17  1:43  Probe  
  18  1:56  Probe  
  18  1:59  Assimilator  
  19  2:08  Probe  
  20  2:20  Probe (Chrono Boost)  
  21  2:32  Probe (Chrono Boost)  
  22  2:37  Probe (Chrono Boost)  
  22  2:39  Gateway  
  22  2:40  Gateway  
  23  2:46  Probe  
  23  2:47  Forge  
  24  2:55  Probe  
  25  2:58  Probe  
  26  3:07  Probe  
  26  3:10  Probe  
  28  3:19  Probe  
  29  3:22  Probe  
  30  3:31  Probe (Chrono Boost), Cybernetics Core  
  30  3:32  Zealot  
  30  3:33  Zealot  
  35  3:36  Probe (Chrono Boost)  
  36  3:43  Probe (Chrono Boost)  
  36  3:48  Probe (Chrono Boost)  
  38  3:51  Probe (Chrono Boost)  
  38  3:53  Probe (Chrono Boost)  
  40  3:57  Probe  
  40  3:59  Zealot  
  40  4:00  Zealot  
  40  4:01  Probe  
  46  4:04  Gateway  
  46  4:10  Pylon  
  46  4:14  Pylon  
  46  4:15  Assimilator  
  46  4:20  Assimilator  
  46  4:28  Probe x2  
  48  4:39  Pylon  
  48  4:40  Probe  
  48  4:41  Pylon  
  49  4:52  Probe (Chrono Boost)  
  51  4:56  Probe (Chrono Boost)  
  51  5:03  Probe (Chrono Boost)  
  51  5:04  Twilight Council, Pylon  
  51  5:06  Probe (Chrono Boost)  
  53  5:10  Pylon  
  53  5:13  Zealot x2  
  53  5:14  Zealot  
  59  5:40  Stalker x3  
  57  5:48  Nexus  
  34  6:10  Stalker x3 (Chrono Boost)  
  26  6:33  Stalker x3 (Chrono Boost)  
  33  6:40  Probe  
  33  6:50  Probe (Chrono Boost)  
  33  6:52  Probe (Chrono Boost)  
  35  7:00  Probe (Chrono Boost)  
  37  7:01  Probe (Chrono Boost)  
  37  7:05  Probe (Chrono Boost)  
  37  7:06  Probe (Chrono Boost)  
  35  7:22  Probe (Chrono Boost)  
  37  7:23  Probe (Chrono Boost)  
  16  8:51  Probe (Chrono Boost)  
  18  8:56  Probe (Chrono Boost)  
  18  9:02  Probe (Chrono Boost)  
  19  9:06  Probe (Chrono Boost)  
  19  9:07  Probe (Chrono Boost)  
  21  9:10  Pylon x2  
  21  9:15  Probe  
  21  9:16  Probe  
  23  9:27  Probe (Chrono Boost)  
  23  9:30  Probe (Chrono Boost)  
  25  9:38  Probe (Chrono Boost)  
  27  9:39  Probe (Chrono Boost)  
  27  9:43  Probe (Chrono Boost)  
  27  9:44  Probe (Chrono Boost)  
  29  9:57  Probe (Chrono Boost)  
  29  9:59  Probe (Chrono Boost)  
  32  10:09  Probe (Chrono Boost)  
  32  10:10  Probe (Chrono Boost)  
  33  10:18  Probe (Chrono Boost)  
  33  10:19  Probe (Chrono Boost)  
  35  10:24  Probe (Chrono Boost)  
  35  10:26  Probe (Chrono Boost)  
  37  11:05  Probe  
  37  11:06  Probe  
  39  11:17  Probe  
  39  11:18  Probe  
  41  11:30  Probe x2  
  41  11:32  Photon Cannon  
  43  11:33  Photon Cannon  
  43  11:35  Photon Cannon  
  43  11:36  Photon Cannon  
  43  11:38  Photon Cannon  
  43  11:39  Pylon  
  43  11:42  Probe x2  
  43  11:46  Pylon  
  45  11:54  Probe x2  
  47  12:02  Zealot x2 (Chrono Boost)  
  47  12:03  Zealot (Chrono Boost)  
  47  12:06  Probe  
  47  12:07  Probe  
  55  12:10  Charge  
  55  12:18  Probe  
  55  12:21  Zealot x3 (Chrono Boost)  
  40  12:45  Zealot x2 (Chrono Boost)  
  46  12:54  Zealot (Chrono Boost)  
  46  13:04  Zealot x2  
  44  13:14  Zealot (Chrono Boost)  
  46  13:20  Gateway x2  
  40  13:56  Stalker (Chrono Boost)  
  40  14:03  Stalker (Chrono Boost)  
  40  14:04  Stalker (Chrono Boost)  
  40  14:10  Gateway  
  40  14:11  Gateway  
  40  14:21  Stalker (Chrono Boost)  
  42  14:26  Stalker (Chrono Boost)  
  46  14:34  Stalker (Chrono Boost)  
  46  14:50  Stalker (Chrono Boost)  
  46  14:51  Stalker (Chrono Boost)  
  50  14:57  Stalker  
Show
View Real Time Build Order
Export as new Build Order

abenbot Zerg 

Build Orders: Pool First 

Get SALT Encoding   

  12  0:00  Drone  
  13  0:13  Overlord  
  13  0:18  Drone  
  14  0:41  Drone x2  
  14  0:42  Drone  
  17  0:45  Extractor  
  16  0:52  Spawning Pool, Drone  
  16  1:03  Drone  
  17  1:14  Drone  
  18  1:29  Drone  
  19  1:36  Hatchery  
  19  1:39  Drone  
  19  1:46  Queen  
  19  1:51  Overlord  
  21  2:00  Metabolic Boost  
  21  2:13  Zergling x4  
  23  2:25  Baneling Nest  
  23  2:26  Drone  
  23  2:29  Overlord  
  23  2:42  Drone  
  24  2:47  Queen  
  26  3:00  Evolution Chamber  
  26  3:01  Drone  
  26  3:04  Drone x5  
  31  3:15  Baneling x4  
  31  3:26  Queen  
  33  3:44  Zerg Melee Weapons Level 1  
  33  3:54  Drone  
  33  3:55  Extractor  
  33  3:57  Drone  
  33  3:58  Drone x2  
  33  4:02  Drone x7  
  43  4:12  Zergling x2  
  44  4:17  Overlord x2  
  44  4:18  Overlord  
  44  4:27  Lair  
  44  4:34  Overlord x3  
  44  4:45  Zergling x6  
  45  4:46  Zergling x2  
  48  5:07  Drone x3  
  48  5:11  Drone x3  
  48  5:13  Extractor  
  53  5:16  Drone  
  53  5:18  Zergling x2  
  53  5:19  Zergling x6  
  58  5:34  Hydralisk Den  
  57  5:48  Spore Crawler  
  56  5:50  Spore Crawler  
  56  5:51  Drone x3  
  56  5:54  Drone  
  27  6:36  Zergling x2  
  27  6:37  Zergling x16  
  36  6:43  Centrifical Hooks  
  36  6:46  Muscular Augments  
  36  6:48  Zerg Melee Weapons Level 2  
  34  7:09  Hatchery  
  24  7:17  Hatchery  
  23  7:30  Drone x2  
  25  7:57  Grooved Spines  
  25  7:59  Hydralisk x6  
  37  8:13  Spine Crawler  
  37  8:16  Hydralisk x3  
  37  8:17  Hatchery  
  41  8:22  Queen  
  43  8:27  Drone  
  43  8:32  Drone  
  45  8:45  Hydralisk  
  45  8:46  Hydralisk x3  
  51  9:03  Drone x3  
  54  9:20  Zerg Missile Weapons Level 1  
  54  9:29  Infestation Pit  
  53  9:37  Queen, Spine Crawler  
  54  9:40  Drone x2  
  54  9:44  Drone x2  
  58  9:55  Drone x3  
  61  10:08  Hydralisk x2  
  61  10:09  Hydralisk  
  67  10:15  Queen  
  67  10:20  Drone x2  
  49  10:59  Hydralisk  
  49  11:00  Hydralisk x9  
  67  11:10  Drone x5  
  72  11:16  Drone x3  
  75  11:21  Drone  
  75  11:25  Spore Crawler  
  75  11:29  Spine Crawler  
  74  11:34  Drone  
  75  11:44  Spire  
  74  11:48  Spire  
  74  11:51  Extractor  
  74  11:53  Extractor  
  71  11:54  Drone x3  
  71  11:55  Drone x2  
  71  12:00  Drone x4  
  80  12:05  Drone x2  
  47  12:34  Drone x3  
  47  12:35  Drone  
  51  12:42  Drone x2  
  51  12:43  Drone x3  
  56  12:48  Drone x2  
  58  12:52  Hydralisk, Drone  
  58  12:53  Hydralisk x7  
  75  13:18  Corruptor  
  75  13:19  Corruptor x2  
  81  13:32  Drone x3  
  81  13:33  Extractor x2  
  78  13:36  Drone x3  
  68  13:55  Spine Crawler  
  65  13:56  Spine Crawler x2  
  65  13:59  Spore Crawler  
  65  14:00  Spine Crawler  
  65  14:02  Spore Crawler x2  
  57  14:04  Spore Crawler  
  56  14:13  Spore Crawler  
  56  14:15  Spine Crawler  
  54  14:22  Corruptor x2  
  54  14:23  Corruptor x4  
  64  14:28  Corruptor  
  64  14:43  Overlord x2  
  64  14:44  Overlord x9  
Show
View Real Time Build Order
Export as new Build Order

AUrelius Terran 

Build Orders:  

Get SALT Encoding   

  12  0:09  SCV  
  13  0:41  Command Center  
  13  0:49  SCV  
  14  0:57  Supply Depot  
  14  1:03  Refinery  
  14  1:06  SCV  
  15  1:30  SCV  
  15  1:31  Barracks  
  16  1:42  SCV  
  17  2:03  Command Center  
  17  2:20  Barracks Reactor  
  17  2:27  Refinery  
  17  2:33  Orbital Command  
  18  2:46  Orbital Command  
  17  2:57  Factory  
  17  3:07  SCV  
  18  3:14  SCV  
  18  3:19  SCV  
  20  3:22  Orbital Command  
  20  3:26  SCV  
  21  3:31  SCV  
  22  3:35  Marine x2  
  24  3:43  Engineering Bay  
  24  3:51  Armory  
  24  3:53  SCV x3  
  27  4:00  Factory Tech Lab  
  27  4:05  SCV  
  27  4:08  Barracks  
  28  4:27  Starport  
  28  4:29  Starport  
  28  4:31  SCV  
  28  4:32  Starport, SCV x2  
  31  4:40  Refinery  
  31  4:44  Refinery, SCV x2  
  33  4:46  SCV  
  33  4:51  Refinery  
  34  4:54  Refinery  
  34  4:56  SCV  
  35  5:00  Barracks Tech Lab  
  35  5:05  Siege Tank  
  38  5:13  Starport Tech Lab x3  
  38  5:23  Fusion Core  
  38  5:26  Terran Vehicle And Ship Armor Level 1  
  38  5:34  SCV x3  
  41  5:44  Marine x3  
  41  5:46  SCV x3  
  47  5:58  SCV  
  47  6:02  Marine x3  
  50  6:17  Battlecruiser  
  53  6:19  Marine  
  53  6:22  Supply Depot  
  53  6:28  Supply Depot x2  
  53  6:30  Marine  
  53  6:36  Marine  
  53  6:44  Battlecruiser  
  59  6:48  SCV x2  
  59  6:49  SCV  
  62  7:00  SCV x2  
  64  7:03  SCV  
  65  7:10  Battlecruiser  
  65  7:12  SCV x2  
  73  7:35  Supply Depot  
  73  7:37  SCV  
  73  7:38  Supply Depot, SCV x2  
  73  7:41  Supply Depot  
  76  7:50  SCV  
  77  7:56  Terran Vehicle And Ship Armor Level 2  
  77  7:57  Starport, Battlecruiser, SCV x2  
  85  7:59  Supply Depot  
  85  8:00  Battlecruiser  
  85  8:02  Supply Depot  
  91  8:14  Battlecruiser  
  91  8:34  Starport  
  91  8:37  Marine x3  
  92  8:55  Marine x3  
  95  9:01  Battlecruiser  
  101  9:04  Battlecruiser  
  101  9:05  SCV x3  
  110  9:12  Marine  
  110  9:13  Marine x2  
  110  9:17  SCV  
  110  9:21  SCV x2  
  113  9:30  Marine x2  
  115  9:48  Marine x2  
  117  10:17  Command Center  
  117  10:22  Supply Depot x2  
  117  10:24  Supply Depot  
  117  10:26  Supply Depot  
  117  10:27  Supply Depot x2  
  117  10:28  Supply Depot x2  
  117  10:29  Supply Depot  
  117  10:30  Supply Depot  
  117  10:43  Marine x2  
  117  10:48  Terran Ship Weapons Level 1  
  117  10:49  Weapon Refit  
  119  10:50  Command Center, Terran Infantry Armor Level 1  
  119  10:54  Starport Tech Lab  
  119  10:55  Starport Tech Lab  
  119  11:00  Battlecruiser  
  119  11:01  Battlecruiser x2  
  137  11:37  Marine x2  
  139  11:44  Battlecruiser  
  145  11:55  Marine x2  
  147  12:03  Battlecruiser  
  147  12:05  Battlecruiser x2  
  165  12:13  Marine x2  
  159  12:30  Marine  
  159  12:31  Marine  
Tags
 
Add a new tag
Caveats
  • Supply blocks, unpowered buildings, or Contaminate may cause inaccurate times.
  • Supply counts are checked every 10 seconds.